 Dungeon Crawl Stone Soup version 0.29.1-1-gd02db6906a (webtiles) character file.

Game seed: 147159328929381291

269 Sanktem7 the Trooper (level 6, 0/57 HPs)
             Began as a Minotaur Fighter on Oct 2, 2022.
             Killed from afar by an orc wizard (7 damage)
             ... with a puff of flame
             ... on level 3 of the Dungeon.
             The game lasted 00:03:44 (1918 turns).

Sanktem7 the Trooper (Minotaur Fighter)             Turns: 1918, Time: 00:03:45

Health: 0/57       AC:  4    Str: 23    XL:     6   Next: 1%
Magic:  5/5        EV: 10    Int:  5    God:
Gold:   237        SH:  9    Dex:  9    Spells: 5/5 levels left

rFire   . . .      SeeInvis .   m - +2 hand axe (vamp) {axe}
rCold   . . .      Faith    .   c - +0 buckler
rNeg    . . .      Spirit   .   o - +0 troll leather armour {Pargi}
rPois   .          Reflect  +   (helmet restricted)
rElec   .          Harm     .   (no cloak)
rCorr   .          Rampage  .   (no gloves)
Will    .....                   (no boots)
Stlth   +.........              l - amulet of reflection
HPRegen 0.99/turn               (no ring)
MPRegen 0.09/turn               (no ring)

@: unable to drink
A: horns 2, retaliatory headbutt, inability to drink after injury 1
a: no special abilities


You were on level 3 of the Dungeon.
You visited 1 branch of the dungeon, and saw 3 of its levels.

You collected 237 gold pieces.


Innate Abilities, Weirdness & Mutations

You have a pair of horns on your head.
You reflexively headbutt those who attack you in melee.
You occasionally lose the ability to drink potions when taking damage.


   Skills:
 * Level 6.3 Fighting
 * Level 5.6 Axes
 - Level 3.6 Armour
 - Level 3.6 Shields


You had 5 spell levels left.
You didn't know any spells.
Your spell library contained the following spells:

 Spells                   Type           Power      Damage    Failure   Level
 Blink                    Tloc           0%         N/A       77%         2
 Sublimation of Blood     Necr           0%         N/A       77%         2
 Lesser Beckoning         Tloc           0%         N/A       94%         3
 Petrify                  Tmut/Erth      0%         N/A       100%        4
 Irradiate                Conj/Tmut      0%         3d11      100%        5
 Manifold Assault         Tloc           0%         N/A       100%        5

Inventory:

Hand Weapons
 a - a +0 war axe {axe}
 m - a +2 vampiric hand axe (weapon) {axe}
   (You took it off Terence on level 2 of the Dungeon)
Missiles
 e - 14 stones (quivered) {throwing}
 j - 3 javelins {throwing}
Armour
 b - a +0 scale mail
 c - a +0 buckler (worn)
 o - a +0 troll leather armour (worn) {Pargi}
   (You found it on level 2 of the Dungeon)
Jewellery
 l - an amulet of reflection (around neck)
   (You found it on level 2 of the Dungeon)
Scrolls
 g - 2 scrolls of identify {@r1}
 h - 3 scrolls of teleportation {@r4}
Potions
 d - 3 potions of might
 i - a potion of brilliance {unknown}
 k - a potion of degeneration {unknown}
 n - a potion of resistance {unknown}

Dungeon Overview and Level Annotations

Branches:
Dungeon (3/15) Zot: 16032

Altars:
Hepliaklqana

Shops:
D:1

( #.............#
####..........#
#.....>.....
#####..........
#.............. #
#.##........... ##.####
#.##.†......... ..#.
#.....###.##...........
...#
#..@{oJ##...........
.....
#.###oo###.........#
g8... #. ##B...........
.g.. #. .....#.#....#
##gw .) .o.##.....####
)g# ## ..... ...# .)#
.....# ..# .## ......#
..# ## ##.....# #.#


You could see an orc priest, 2 orcs, an endoplasm and a giant cockroach.


Message History

😕 HP[+6]
You regained 6 hp, and now have 45/50 hp.
You hit the iguana.
You kill the iguana!
You have reached level 6! 😕 HP[+7] MP[+1]
You now have 57 max hp (+7).
You regained 7 hp, and now have 52/57 hp.
Your mp is fully restored (5).
You now have 237 gold pieces (gained 11).
An orc wizard comes into view. It is wielding a +0 dagger.
The orc wizard shouts!
You hear a shout!
An orc comes into view. It is wielding a +0 mace. 😎 HP[+5]
Your hp is fully restored (57).
There are monsters nearby! 2 orcs come into view.
An orc priest comes into view. It is wielding a +0 club.
An endoplasm comes into view.
The endoplasm quivers.
The orc priest shouts!
A giant cockroach comes into view.
The orc wizard points at you and mumbles some strange words.
You are confused.
The orc wizard casts a spell.
The orc wizard flickers and vanishes!
Deactivating autopickup; reactivate with Ctrl-A.
Something hits you. 😕 HP[-2]
You take 2 damage, and now have 55/57 hp.
You bump into the rock wall.
The orc closely misses you. 😕 HP[+1]
The orc attacks as you move away! The orc hits you but does no damage.
You feel less confused. The orc closely misses you. 😎 HP[+1]
Your hp is fully restored (57).
The orc attacks as you move away! You block the orc's attack.
You barely miss the orc. You headbutt the orc!
You kill the orc!
The orc priest invokes the aid of Beogh against you.
Beogh smites you! 😮 HP[-16]
You take 16 damage, and now have 41/57 hp.
MASSIVE DAMAGE!! (PAUSE)
Something hits you.
Things that are here:
a +0 club {mace}; an orc corpse; 😮 HP[-1]
You take 1 damage, and now have 40/57 hp.
You closely miss something.
The orc priest mumbles some strange prayers to Beogh against you.
Something writhes in agony.
You hear some strange, mumbled words.
You are confused. 😮 HP[+1]
You bump into the rock wall.
Something hits you. 😮 HP[-3]
You take 3 damage, and now have 38/57 hp.
You bump into the rock wall.
Something hits you. 😮 HP[-1]
You take 1 damage, and now have 37/57 hp.
You slash something! Your headbutt misses something.
Something hits you but does no damage. 😮 HP[+1]
You hit something.
You feel better. Something hits you but does no damage.
The orc priest calls down the wrath of Beogh upon you.
Beogh smites you! Something hits you.
* * * LOW HITPOINT WARNING * * *
😨 HP[-10]
You take 10 damage, and now have 28/57 hp.
You bump into the rock wall.
Something hits you.
* * * LOW HITPOINT WARNING * * *
Something hits you.
* * * LOW HITPOINT WARNING * * *
You feel less confused.
A magic dart appears from out of thin air!
The magic dart hits you!
You feel threatened and lose the ability to drink potions!
* * * LOW HITPOINT WARNING * * *
😨 HP[-10]
You take 10 damage, and now have 18/57 hp.
Something hits you.
* * * LOW HITPOINT WARNING * * *
Things that are here:
a +0 club {mace}; an orc corpse; 😨 HP[-1]
You take 1 damage, and now have 17/57 hp.
You miss something. Something hits you.
* * * LOW HITPOINT WARNING * * *
You barely miss something. Something hits you.
* * * LOW HITPOINT WARNING * * *
😨 HP[-1]
You take 1 damage, and now have 16/57 hp.
You closely miss something. Your headbutt misses something.
The orc priest calls down the wrath of Beogh upon you.
Beogh smites you!
* * * LOW HITPOINT WARNING * * *
You hear some strange, mumbled words.
A puff of flame appears from out of thin air!
The puff of flame hits you!
You die...

Skill      XL: |  1  2  3  4  5 |
---------------+----------------+-----
Fighting       | 4 5 6 |  6.3
Axes           | 3 4 5 |  5.6
Armour         | |  3.6
Shields        | |  3.6

Action                   |  1- 3 |  4- 6 || total
-------------------------+-------+-------++-------
Melee: War axe           |    95 |     8 ||   103
       Headbutt          |    14 |    10 ||    24
       Hand axe          |       |    37 ||    37
  Use: Scroll            |       |     2 ||     2
       Potion            |       |     1 ||     1
Armor: Scale mail        |    35 |     6 ||    41
       Troll leather arm |       |     4 ||     4
Dodge: Dodged            |    47 |    23 ||    70
Block: Buckler           |    24 |    28 ||    52

Levels and vault maps discovered:
D:1:      noname_arrival_rooms_in_the_neighbourhood, layout_loops_ring,
          serial_shops, shop, serial_bayou_ford_a
D:2:      layout_loops_ring, basic_altar, serial_shops,
          nicolae_shop_bloodbath_and_beyond, uniq_terence
D:3:      layout_rooms, grunt_ministairs_6, uniq_pargi

Notes
Turn   | Place    | Note
-------+----------+-------------------------------------------
     0 | D:1      | Sanktem7 the Minotaur Fighter began the quest for the Orb.
     0 | D:1      | Reached XP level 1. HP: 19/19 MP: 0/0
     0 | D:1      | magus.rc [v1.9.6]
   194 | D:1      | Reached skill level 4 in Fighting
   196 | D:1      | Reached skill level 3 in Axes
   196 | D:1      | Reached XP level 2. HP: 21/27 MP: 1/1
   470 | D:1      | You pick up a book of Spatial Translocations and begin
                  | reading...
   470 | D:1      | You add the spells Blink, Lesser Beckoning and Manifold
                  | Assault to your library.
   567 | D:1      | Found Ihaxil's Antique Weapon Emporium.
   599 | D:1      | Reached XP level 3. HP: 29/34 MP: 2/2
  1031 | D:2      | Found Qiuzyxt's Weapon Shoppe.
  1086 | D:2      | Reached skill level 4 in Axes
  1231 | D:2      | You pick up a book of Alchemy and begin reading...
  1231 | D:2      | You add the spells Sublimation of Blood, Petrify and
                  | Irradiate to your library.
  1271 | D:2      | Reached XP level 4. HP: 41/41 MP: 3/3
  1283 | D:2      | Reached skill level 5 in Fighting
  1383 | D:2      | Found a hazy altar of Hepliaklqana.
  1447 | D:2      | Noticed Terence
  1452 | D:2      | Killed Terence
  1628 | D:3      | Noticed Pargi
  1639 | D:2      | Reached XP level 5. HP: 32/48 MP: 4/4
  1645 | D:2      | Killed Pargi
  1646 | D:2      | Reached skill level 6 in Fighting
  1646 | D:2      | Reached skill level 5 in Axes
  1660 | D:2      | Gained mutation: You occasionally lose the ability to drink
                  | potions when taking damage. [potion of mutation]
  1884 | D:3      | Reached XP level 6. HP: 52/57 MP: 5/5
  1918 | D:3      | HP: 7/57 [orc priest/divine providence (10)]
  1918 | D:3      | Killed from afar by an orc wizard

Vanquished Creatures
  Pargi (D:2)
  Terence (D:2)
  An iguana (D:3)
  4 gnolls
  3 adders
  2 worms
  2 dart slugs
  An orc (D:3)
  4 bats
  5 endoplasms
  2 giant cockroaches (D:1)
  6 goblins (D:1)
  5 hobgoblins
  3 jackals (D:1)
  2 quokkas
  4 ball pythons
  5 frilled lizards
  9 kobolds
  4 rats (D:1)
64 creatures vanquished.

Vanquished Creatures (others)
  6 plants (D:1)
6 creatures vanquished.

Grand Total: 70 creatures vanquished

Table legend:
 A = Non-vault XP
 B = Vault XP
 C = Vault XP percentage of total XP
 D = Non-vault monster count
 E = Vault monster count
 F = Vault count percentage of total count
                 A         B        C        D         E       F
            +---------+---------+-------+---------+---------+-------
      Total |     214 |     171 |  44.4 |      61 |       3 |   4.7
            +---------+---------+-------+---------+---------+-------
        D:1 |      56 |       0 |   0.0 |      35 |       0 |   0.0
        D:2 |      57 |     171 |  75.0 |      18 |       3 |  14.3
        D:3 |     101 |       0 |   0.0 |       8 |       0 |   0.0
            +---------+---------+-------+---------+---------+-------

Illustrated notes

Table legend:
 A = Kills in this place as a percentage of kills in entire the game.
 B = Kills by you in this place as a percentage of kills by you in the entire game.
 C = Kills by friends in this place as a percentage of kills by friends in the entire game.
 D = Other kills in this place as a percentage of other kills in the entire game.
 E = Experience gained in this place as a percentage of experience gained in the entire game.
 F = Experience gained in this place divided by the number of levels of this place that you have seen.
                   A       B       C       D       E      F
               +-------+-------+-------+-------+-------+----------------------
         Total | 100.0 | 100.0 |   N/A |   N/A | 100.0 | 128.3
       Dungeon | 100.0 | 100.0 |   N/A |   N/A | 100.0 | 128.3
               +-------+-------+-------+-------+-------+----------------------

Table legend: (Time is in decaauts)
 A = Elapsed time spent in this place.
 B = Non-inter-level travel time spent in this place.
 C = Inter-level travel time spent in this place.
 D = Time resting spent in this place.
 E = Time spent auto-exploring this place.
 F = Levels seen in this place.
 G = Mean time per level.
                   A        B        C        D        E       F      G
               +--------+--------+--------+--------+--------+-----+--------+
         Total |   1966 |   1858 |    108 |      0 |   1464 |   3 |  655.3 |
       Dungeon |   1966 |   1858 |    108 |      0 |   1464 |   3 |  655.3 |
               +--------+--------+--------+--------+--------+-----+--------+

Top non-repeatable levels by time:
     D:1: 946 daAuts
     D:2: 898 daAuts
     D:3: 120 daAuts
